 Dungeon Crawl Stone Soup version 0.18.1-6-gd335043 (webtiles) character file.

28 mopl the Insei (level 2, 0/20 HPs)
             Began as a Vampire Transmuter on May 17, 2016.
             Slain by an adder (2 damage)
             ... on level 2 of the Dungeon.
             The game lasted 00:01:42 (1163 turns).

mopl the Insei (Vampire Transmuter)                 Turns: 1163, Time: 00:01:43

Health: 0/20       AC:  3    Str:  9    XL:     2   Next: 96%
Magic:  3/5        EV: 12    Int: 15    God:
Gold:   52         SH:  0    Dex: 14    Spells: 2 memorised, 2 levels left

rFire  . . .     SeeInvis +       - Unarmed
rCold  + . .     Gourm    .     b - +0 robe
rNeg   + + .     Faith    .     (no shield)
rPois  +         Spirit   .     (no helmet)
rElec  .         Dismiss  .     (no cloak)
rCorr  .         Reflect  .     f - +0 pair of gloves
SustAt .         Harm     .     (no boots)
MR     .....                    (no amulet)
Stlth  +++.......               (no ring)
                                (no ring)

@: lethally poisoned (0 -> -8), regenerating slowly, not resistant to hostile
enchantments, fairly stealthy
A: fangs 3, see invisible, unbreathing
a: no special abilities


You were on level 2 of the Dungeon.
You were thirsty.

You visited 1 branch of the dungeon, and saw 2 of its levels.

You collected 52 gold pieces.

Inventory:

Hand Weapons
 h - a +0 dagger
Missiles
 a - 80 arrows
Armour
 b - a +0 robe (worn)
 f - a +0 pair of gloves (worn)
Scrolls
 j - a scroll of noise {unknown}
 k - a scroll of immolation {unknown}
 l - 3 scrolls of enchant armour {unknown}
 m - a scroll of enchant weapon {unknown}
Potions
 d - 3 potions of blood
 e - a potion of magic {unknown}
 g - a potion of degeneration {unknown}
 i - a potion of agility {unknown}
Books
 c - a book of Changes

   Spells                             Type                      Level
   a - Beastly Appendage              Transmutation                1
   b - Sticks to Snakes               Transmutation                2
   c - Spider Form                    Transmutation/Poison         3
   d - Ice Form                       Ice/Transmutation            4
   e - Blade Hands                    Transmutation                5


   Skills:
 - Level 0.8 Fighting
 + Level 1.8 Short Blades
 - Level 2.1 Dodging
 + Level 3.1 Stealth
 - Level 3.2 Unarmed Combat
 - Level 2.0 Spellcasting
 - Level 2.1 Transmutations


You had 2 spell levels left.
You knew the following spells:

 Your Spells              Type           Power        Failure   Level  Hunger
a - Beastly Appendage     Trmt           #.....       12%         1    #......
w - Sticks to Snakes      Trmt           #.......     14%         2    ###....


Dungeon Overview and Level Annotations

Branches:
Dungeon (2/15)

Altars:


Innate Abilities, Weirdness & Mutations

You heal slowly.
You have razor-sharp teeth.
You have supernaturally acute eyesight.
You can survive without breathing.


Message History

You closely miss the adder.
The adder is moderately wounded.
The adder closely misses you.
A jackal comes into view.
You feel sick.
You feel sick. The adder bites you.
* * * LOW HITPOINT WARNING * * *
* * * LOW HITPOINT WARNING * * *
You feel sick.
Cast which spell? (? or * to list)
You create a snake!
You now have 80 arrows.
The jackal barks!
The adder barely misses you. The adder bites you.
* * * LOW HITPOINT WARNING * * *
* * * LOW HITPOINT WARNING * * *
You feel sick.
Your ball python bites the adder.
Your ball python misses the adder.
Your ball python misses the adder.
Your ball python grabs the adder.
Your ball python constricts the adder.
The adder bites you.
You die...

#........## ##...## ##
#........# ##.## #.##.###.#
#.# #........# #.#
#..#.###.# ##'## #.%......#
##...## ##.#.###.# ##.....##
#.#.#S#.# #.......##
#####...hS@.###.........###
.........h.....+.........'..
#########....###.........###
##..## ##.......## ##.#
##.....## #.# ##...## #.#
##+# #.# ######.# #.#
#...##.######


You could see an adder, 2 jackals and a friendly ball python.

Vanquished Creatures
  2 dart slugs (D:1)
  2 giant cockroaches (D:1)
  5 goblins (D:1)
  3 hobgoblins (D:1)
  3 kobolds (D:1)
  3 bats (D:1)
  A giant newt (D:1)
  3 rats (D:1)
22 creatures vanquished.

Notes
Turn   | Place    | Note
--------------------------------------------------------------
     0 | D:1      | mopl the Vampire Transmuter began the quest for the Orb.
     0 | D:1      | Reached XP level 1. HP: 14/14 MP: 3/3
    34 | D:1      | Reached skill level 1 in Stealth
    50 | D:1      | Reached skill level 2 in Stealth
   107 | D:1      | Reached XP level 2. HP: 11/20 MP: 5/5
   249 | D:1      | Learned a level 2 spell: Sticks to Snakes
   344 | D:1      | Reached skill level 1 in Short Blades
   344 | D:1      | Reached skill level 3 in Stealth
  1163 | D:2      | Slain by an adder

Skill      XL: |  1  2 |
---------------+-------+-----
Stealth        | 2 3 |  3.1
Short Blades   | 1 |  1.8
Fighting       | |  0.8
Dodging        | |  2.1
Unarmed Combat | |  3.2
Spellcasting   | |  2.0
Transmutations | |  2.1

Action                   || total
-------------------------++-------
Melee: Unarmed           ||    78
       Bite              ||     2
       Punch             ||     1
 Cast: Sticks to Snakes  ||     1
 Stab: Sleeping          ||     4
Armor: Robe              ||    16
Dodge: Dodged            ||    57
